 Dungeon Crawl Stone Soup version 0.21.1-1-g345015f (webtiles) character file.

672 Mgcat the Digger (level 7, -1/47 (50) HPs)
             Began as a Ghoul Earth Elementalist on Feb 5, 2018.
             Killed by divine providence
             ... invoked by an orc priest
              (10 damage)
             ... on level 4 of the Dungeon.
             The game lasted 00:11:49 (4743 turns).

Mgcat the Digger (Ghoul Earth Elementalist)         Turns: 4743, Time: 00:11:50

HP:   -1/47 (50)    AC:  6    Str: 12    XL:     7   Next: 59%
MP:   5/12          EV: 12    Int: 12    God:
Gold: 159           SH:  0    Dex:  9    Spells: 6/15 levels left

rFire    x . .     SeeInvis .   g - +0 dagger (curse)
rCold    + + .     Gourm    .   (no shield)
rNeg     + + +     Faith    .   c - +0 robe
rPois    ∞         Spirit   .   i - +1 helmet
rElec    .         Reflect  .   n - +0 cloak (curse)
rCorr    .         Harm     .   j - +0 pair of gloves
MR       .....                  (no boots)
Stlth    ++........             (no amulet)
HPRegen  0.00/turn              l - ring of ice {rC+, rF-}
MPRegen  0.13/turn              (no ring)

@: rotting
A: rotting body, claws 1, carnivore, cold resistance 1, negative energy
resistance 3, inhibited regeneration, torment resistance, unbreathing
a: no special abilities


You were on level 4 of the Dungeon.
You were very hungry.

You visited 1 branch of the dungeon, and saw 4 of its levels.

You collected 159 gold pieces.

Inventory:

Hand Weapons
 a - a +0 club
   (You took it off a goblin on level 1 of the Dungeon)
 b - a +2 antimagic dagger
   (You took it off a goblin on level 4 of the Dungeon)
 g - a cursed +0 dagger (weapon)
   (You took it off a goblin on level 1 of the Dungeon)
Missiles
 r - a throwing net {=f, !d}
 v - 14 stones (quivered)
Armour
 c - a +0 robe (worn)
 i - a +1 helmet (worn)
   (You found it on level 1 of the Dungeon)
 j - a +0 pair of gloves (worn)
   (You found it on level 1 of the Dungeon)
 n - a cursed +0 cloak (worn)
   (You found it on level 1 of the Dungeon)
Jewellery
 l - a ring of ice (left hand) {rC+, rF-}
   (You found it on level 2 of the Dungeon)
Scrolls
 o - a scroll of magic mapping {!r}
 p - a scroll of teleportation
 q - a scroll of amnesia
 t - 2 scrolls of identify
 u - a scroll of remove curse {unknown}
Potions
 f - a potion of magic
 h - a potion of agility {unknown}
 k - a potion of degeneration {unknown}
 m - a potion of curing {unknown}
 s - a potion of heal wounds {unknown}
Books
 e - a book of Geomancy
Comestibles
 d - 4 rations


   Skills:
 - Level 1.7 Dodging
 - Level 2.1 Stealth
 + Level 4.5 Spellcasting
 + Level 2.7 Conjurations
   Level 0.8 Transmutations
 + Level 6.4 Earth Magic


You had 6 spell levels left.
You knew the following spells:

 Your Spells              Type           Power        Failure   Level  Hunger
a - Sandblast             Erth           ###...       1%          1    None
b - Stone Arrow           Conj/Erth      ##....       10%         3    ###....
c - Lee's Rapid Deconstr  Erth           ###.......   38%         5    ######.


Dungeon Overview and Level Annotations

Branches:
Dungeon (4/15)
 Temple: D:4-7

Altars:
Ashenzari
Trog

Shops:
D:4 *

Annotations:
D:3 shakethe's ghost, amateur HOAK


Innate Abilities, Weirdness & Mutations

Your body is rotting away.
You thrive on raw meat.
You are immune to poison.
You have sharp fingernails.
You are carnivorous and can eat meat at any time.
Your flesh is cold resistant. (rC+)
You are immune to negative energy. (rN+++)
You do not regenerate when monsters are visible.
You are immune to unholy pain and torment.
You can survive without breathing.


Message History

There is an open door here.
d - 4 rations (gained 1)
You open the door.
There is an open door here.
You open the door.
Found a stone staircase leading down.
There is an open door here.
An orc comes into view.
An orc is nearby!
Unknown command.
Casting: Stone Arrow
Confirm with . or Enter, or press ? or * to list all spells.
You can't see any susceptible monsters within range! (Use Z to cast anyway.) 2 orcs come into view.
The orc shouts!
An orc and an orc priest come into view.
Casting: Stone Arrow
Confirm with . or Enter, or press ? or * to list all spells.
Aiming: Stone Arrow
Press: ? - help, Shift-Dir - straight line, f - orc
Aim: an orc The stone arrow hits the orc.
The orc is almost dead.
The orc shouts! x2
You are feeling hungry.
There is an open door here.
Casting: Stone Arrow
Confirm with . or Enter, or press ? or * to list all spells.
Aiming: Stone Arrow
Press: ? - help, Shift-Dir - straight line, f/p - orc
Aim: an orc (severely wounded)
The stone arrow misses the orc.
The orc hits you but does no damage.
Casting: Stone Arrow
Confirm with . or Enter, or press ? or * to list all spells.
Aiming: Stone Arrow
Press: ? - help, Shift-Dir - straight line, f/p - orc
Aim: an orc (heavily wounded)
The stone arrow misses the orc.
The orc hits you but does no damage.
Casting: Stone Arrow
Confirm with . or Enter, or press ? or * to list all spells.
Aiming: Stone Arrow
Press: ? - help, Shift-Dir - straight line, f/p - orc
Aim: an orc (heavily wounded)
The stone arrow hits the orc.
You kill the orc!
You hit the orc but do no damage. The orc barely misses you.
You hit the orc but do no damage. The orc hits you with a mace.
You hit the orc but do no damage. The orc barely misses you.
You hit the orc.
The orc is heavily wounded.
You barely miss the orc.
The orc is heavily wounded.
The orc hits you with a flail. The orc barely misses you.
You hit the orc but do no damage.
The orc is heavily wounded.
The orc misses you. The orc hits you with a mace! The orc barely misses you.
You barely miss the orc.
The orc is heavily wounded.
The orc barely misses you. x2; The orc closely misses you.
You hit the orc.
The orc is severely wounded.
The orc barely misses you. The orc hits you with a flail.
You barely miss the orc.
The orc is severely wounded.
The orc barely misses you.
The orc priest looks braver for a moment.
The orc barely misses you.
You barely miss the orc.
The orc is severely wounded.
The orc hits you with a flail.
The orc priest calls upon Beogh to heal the orc.
The orc's wounds heal themselves!
The orc hits you but does no damage. x2
Casting: Stone Arrow
Confirm with . or Enter, or press ? or * to list all spells.
You don't have enough magic to cast that spell.
Unknown command.
The orc priest casts a cantrip, but nothing happens.
You see here 8 gold pieces.
You now have 159 gold pieces (gained 8).
The orc hits you with a flail. The orc hits you but does no damage.
The orc misses you. The orc priest closely misses you.
The orc priest mumbles some strange prayers to Beogh against you.
Beogh smites you!
* * * LOW HITPOINT WARNING * * *
There is an open door here.
You hit the orc.
The orc is moderately wounded.
The orc misses you.
You hit the orc but do no damage.
The orc is moderately wounded.
You closely miss the orc. You barely miss the orc. The orc barely misses you.
The orc priest calls upon Beogh to heal the orc.
The orc's wounds heal themselves!
You are feeling very hungry.
You closely miss the orc.
The orc priest calls down the wrath of Beogh upon you.
Beogh smites you!
You die...

####....#........#...............
................................#
..#####+#..........(............#
...#....+.......................#
...#....#.......................#
...'....#....8..∩..8[.#.........#
..###'###.........#...#.........#
..#.........#######o..+.........#
###.........#...@o.o..#.........#
.......†....#...o##...#.........#
............#...)####+..........#
............#....)....+.........#
............#...................#
............#.........#....<....#
............#..####...#.).......#
#####+###+###..####...#.)###+#.†.
........#.......#............+...


You could see an orc priest and 3 orcs.

Vanquished Creatures
  An eye of draining (D:4)
  An ogre (D:4)
  An ice beast (D:4)
  A scorpion (D:2)
  5 orc wizards
  3 worker ants
  5 adders
  4 dart slugs
  2 leopard geckos
  11 orcs
  4 ball pythons
  4 bats
  4 giant cockroaches
  14 goblins
  5 hobgoblins
  7 jackals
  2 quokkas (D:2)
  3 frilled lizards
  6 kobolds
  A leopard gecko skeleton (D:4)
  4 rats
88 creatures vanquished.

Notes
Turn   | Place    | Note
-------+----------+-------------------------------------------
     0 | D:1      | Mgcat the Ghoul Earth Elementalist began the quest for the Orb.
     0 | D:1      | Reached XP level 1. HP: 14/14 MP: 2/2
    59 | D:1      | Reached skill level 2 in Spellcasting
   113 | D:1      | Reached XP level 2. HP: 16/20 MP: 0/4
   716 | D:1      | Reached XP level 3. HP: 24/24 MP: 3/5
   787 | D:1      | Reached skill level 4 in Earth Magic
  1941 | D:2      | Reached XP level 4. HP: 17/28 MP: 3/7
  2061 | D:2      | Reached skill level 3 in Spellcasting
  2061 | D:2      | Reached skill level 5 in Earth Magic
  2061 | D:2      | Reached XP level 5. HP: 24/33 MP: 0/8
  2066 | D:2      | Learned a level 3 spell: Stone Arrow
  2072 | D:2      | Learned a level 5 spell: Lee's Rapid Deconstruction
  2563 | D:3      | Noticed shakethe's ghost (amateur HOAK)
  2664 | D:2      | You fall through a shaft!
  2984 | D:3      | Reached skill level 1 in Conjurations
  3376 | D:4      | HP: 9/36 [something (4)]
  3377 | D:4      | Reached XP level 6. HP: 11/43 MP: 1/10
  3669 | D:4      | Found Muzytzat's Assorted Antiques.
  3715 | D:4      | Noticed an ice beast
  3723 | D:4      | Killed an ice beast
  3723 | D:4      | Reached skill level 4 in Spellcasting
  3723 | D:4      | Reached skill level 2 in Conjurations
  3723 | D:4      | Reached XP level 7. HP: 36/46 MP: 4/12
  3778 | D:4      | HP: 9/46 [ogre/giant club (5)]
  3781 | D:4      | Reached skill level 6 in Earth Magic
  3990 | D:4      | Found a bloodstained altar of Trog.
  4366 | D:4      | Found a shattered altar of Ashenzari.
  4732 | D:4      | HP: 9/47 [orc priest/divine providence (8)]
  4743 | D:4      | Killed from afar by an orc priest

Skill      XL: |  1  2  3  4  5  6  7 |
---------------+----------------------+-----
Spellcasting   | 2 3 4 |  4.5
Earth Magic    | 4 5 6 |  6.4
Conjurations   | 1 2 |  2.7
Dodging        | |  1.7
Stealth        | |  2.1
Transmutations | |  0.8

Action                   |  1- 3 |  4- 6 |  7- 9 || total
-------------------------+-------+-------+-------++-------
Melee: Club              |    23 |       |       ||    23
       Unarmed           |     7 |       |       ||     7
       Dagger            |   141 |   105 |    69 ||   315
 Cast: Sandblast         |    29 |    71 |     3 ||   103
       Stone Arrow       |       |       |    21 ||    21
  Use: Scroll            |     4 |     3 |     2 ||     9
 Stab: Sleeping          |     7 |     1 |     1 ||     9
       Distracted        |       |     1 |       ||     1
  Eat: Chunk             |     5 |     5 |     5 ||    15
Armor: Robe              |    63 |    49 |    17 ||   129
Dodge: Dodged            |   150 |    90 |    43 ||   283

Vault maps used:
D:1:      ncdulo_wetmaze
D:2:      first_ration
D:3:      minmay_misc_feat_tower
D:4:      trog_eyes_of_draining, evilmike_ruin_ashenzari, serial_shops,
          shop_statue

Table legend:
 A = Turns spent in this place as a percentage of turns spent in the entire game.
 B = Non-inter-level travel turns spent in this place as a percentage of non-inter-level travel turns spent in the entire game.
 C = Inter-level travel turns spent in this place as a percentage of turns spent in this place.
 D = Turns resting spent in this place as a percentage of non-inter-level travel turns spent in this place.
 E = Turns spent auto-exploring this place as a percentage of non-inter-level travel turns spent in this place.
 F = Non-inter-level travel turns spent in this place divided by the number of levels of this place that you've seen.
                   A       B       C       D       E      F
               +-------+-------+-------+-------+-------+----------------------
         Total | 100.0 | 100.0 |   4.8 |   3.7 |  74.2 | 1129.2
       Dungeon | 100.0 | 100.0 |   4.8 |   3.7 |  74.2 | 1129.2
               +-------+-------+-------+-------+-------+----------------------

Table legend:
 A = Kills in this place as a percentage of kills in entire the game.
 B = Kills by you in this place as a percentage of kills by you in the entire game.
 C = Kills by friends in this place as a percentage of kills by friends in the entire game.
 D = Other kills in this place as a percentage of other kills in the entire game.
 E = Experience gained in this place as a percentage of experience gained in the entire game.
 F = Experience gained in this place divided by the number of levels of this place that you have seen.
                   A       B       C       D       E      F
               +-------+-------+-------+-------+-------+----------------------
         Total | 100.0 | 100.0 |   N/A |   N/A | 100.0 | 240.2
       Dungeon | 100.0 | 100.0 |   N/A |   N/A | 100.0 | 240.2
               +-------+-------+-------+-------+-------+----------------------
